 Dungeon Crawl Stone Soup version 0.21.0-30-g47ce8e4 (webtiles) character file.

191007 DogShitOnMyToe the Reanimator (level 17, -12/124 HPs)
             Began as a Mummy Wizard on Jan 28, 2018.
             Was the Champion of Hepliaklqana.
             Killed by dispel undead
             ... invoked by a Tzitzimitl
             ... summoned by a deep elf demonologist
              (79 damage)
             ... on level 3 of the Elven Halls on Jan 29, 2018.
             The game lasted 05:24:39 (49839 turns).

DogShitOnMyToe the Reanimator (Mummy Wizard)       Turns: 49839, Time: 05:24:39

Health: -12/124    AC: 19    Str: 10    XL:     17   Next: 56%
Magic:  14/31      EV: 11    Int: 21    God:    Hepliaklqana [******]
Gold:   186        SH: 13    Dex: 12    Spells: 13/36 levels left

rFire    + . .     SeeInvis .   b - +7 demon trident (elec)
rCold    + + +     Gourm    .   L - +2 buckler {AC+3}
rNeg     + + +     Faith    .   a - +5 ring mail of the Seas {MR+}
rPois    ∞         Spirit   .   K - +0 helmet of the Wary Mice {+Blink +Fly rC+++ Int-2}
rElec    .         Reflect  +   w - +0 cloak
rCorr    .         Harm     .   X - +2 pair of gloves
MR       +++..                  Q - +0 pair of boots
Stlth    ++........             I - +6 amulet of reflection
HPRegen  0.30/turn              o - ring of protection from fire
MPRegen  0.22/turn              y - ring of the Real Monster {+Inv rF+ rN+ Stlth+}

@: no status effects
A: no food or potions, fire vulnerability, reduced essence, cold resistance 1,
negative energy resistance 3, torment resistance, unbreathing, in touch with
death 1
}: 1/15 runes: decaying
a: Recall Ancestor, Ancestor Identity, Transference, Idealise, Renounce
Religion, Evoke Blink, Evoke Invisibility, Evoke Flight


You were on level 3 of the Elven Halls.
You worshipped Hepliaklqana.
Hepliaklqana was exalted by your worship.
You were not hungry.

You visited 6 branches of the dungeon, and saw 31 of its levels.
You also visited: Labyrinth, Sewer and Bailey.

You collected 3387 gold pieces.
You spent 3201 gold pieces at shops.

Inventory:

Hand Weapons
 b - a +7 demon trident of electrocution (weapon)
Missiles
 c - 5 poisoned tomahawks (quivered)
 m - 5 throwing nets
Armour
 a - the +5 ring mail of the Seas (worn) {MR+}
   (You bought it in a shop on level 13 of the Dungeon)

   It affects your resistance to hostile enchantments.
 w - a +0 cloak (worn)
 H - a +0 troll leather armour
 K - the +0 helmet of the Wary Mice (worn) {+Blink +Fly rC+++ Int-2}
   (You bought it in a shop on level 13 of the Dungeon)

   It affects your intelligence (-2).
   It renders you almost immune to cold.
   It lets you fly.
   It lets you blink.
 L - a +2 buckler of protection (worn)
 M - a +0 shield
 Q - a +0 pair of boots (worn)
 V - +0 fire dragon scales
 X - a +2 pair of gloves (worn)
Jewellery
 j - an uncursed ring of protection from magic
 o - a ring of protection from fire (left hand)
 s - an uncursed ring of protection from cold
 y - the ring of the Real Monster (right hand) {+Inv rF+ rN+ Stlth+}
   (You bought it in a shop on level 13 of the Dungeon)

   [ring of positive energy]

   It protects you from fire.
   It protects you from negative energy.
   It lets you turn invisible.
   It makes you more stealthy.
 z - a +4 ring of evasion
 I - a +6 amulet of reflection (around neck)
 S - an uncursed ring of magical power
Wands
 i - a wand of digging (24)
 n - a wand of random effects (39)
 t - a wand of flame (37)
 G - a wand of iceblast (20)
 T - a wand of disintegration (27)
 W - a wand of paralysis (18)
 Z - a wand of clouds (3)
Scrolls
 d - a scroll of torment
 f - 5 scrolls of blinking
 g - 3 scrolls of remove curse
 h - a scroll of fear
 k - a scroll of enchant armour
 l - 3 scrolls of teleportation
 p - 3 scrolls of magic mapping
 r - 8 scrolls of identify
 u - 5 scrolls of vulnerability
 v - 5 scrolls of fog
 x - 2 scrolls of immolation
 U - a scroll of summoning
 Y - a scroll of silence
Books
 A - a book of Minor Magic

   Spells                             Type                      Level
   a - Magic Dart                     Conjuration                  1
   b - Blink                          Translocation                2
   c - Call Imp                       Summoning                    2
   d - Slow                           Hexes                        2
   e - Conjure Flame                  Conjuration/Fire             3
   f - Mephitic Cloud                 Conjuration/Poison/Air       3
 B - a book of Maledictions

   Spells                             Type                      Level
   a - Corona                         Hexes                        1
   b - Ensorcelled Hibernation        Hexes/Ice                    2
   c - Confuse                        Hexes                        3
   d - Tukima's Dance                 Hexes                        3
   e - Dazzling Spray                 Conjuration/Hexes            3
 C - a book of Callings

   Spells                             Type                      Level
   a - Summon Small Mammal            Summoning                    1
   b - Call Imp                       Summoning                    2
   c - Call Canine Familiar           Summoning                    3
   d - Summon Guardian Golem          Hexes/Summoning              3
   e - Summon Lightning Spire         Summoning/Air                4
   f - Summon Ice Beast               Ice/Summoning                4
 D - a book of Unlife

   Spells                             Type                      Level
   a - Recall                         Summoning/Translocation      3
   b - Animate Dead                   Necromancy                   4
   c - Borgnjor's Vile Clutch         Necromancy/Earth             5
   d - Death Channel                  Necromancy                   6
   e - Simulacrum                     Ice/Necromancy               6
 E - a book of Necromancy

   Spells                             Type                      Level
   a - Pain                           Necromancy                   1
   b - Animate Skeleton               Necromancy                   1
   c - Vampiric Draining              Necromancy                   3
   d - Regeneration                   Charms/Necromancy            3
   e - Animate Dead                   Necromancy                   4
   f - Borgnjor's Vile Clutch         Necromancy/Earth             5
 F - a book of Debilitation

   Spells                             Type                      Level
   a - Corona                         Hexes                        1
   b - Slow                           Hexes                        2
   c - Inner Flame                    Hexes/Fire                   3
   d - Portal Projectile              Hexes/Translocation          3
   e - Cause Fear                     Hexes                        4
   f - Leda's Liquefaction            Hexes/Earth                  4
Miscellaneous
 e - a phantom mirror
 q - 3 boxes of beasts
 N - a phial of floods
 O - a lamp of fire
 P - a fan of gales
 R - a crystal ball of energy


   Skills:
 + Level 13.8 Fighting
 - Level 14.0 Polearms
 - Level 4.0 Dodging
 - Level 1.5 Stealth
 - Level 4.1 Shields
 - Level 10.0 Spellcasting
 - Level 3.5 Conjurations
 - Level 7.0 Summonings
 * Level 14.1 Necromancy
 - Level 2.0 Translocations
 - Level 2.6 Fire Magic
 - Level 4.0 Air Magic
 - Level 6.0 Earth Magic
 - Level 3.0 Invocations
 - Level 10.7 Evocations


You had 13 spell levels left.
You knew the following spells:

 Your Spells              Type           Power        Failure   Level  Hunger
a - Magic Dart            Conj           ####         4%          1    N/A
b - Death Channel         Necr           #######...   8%          6    N/A
c - Summon Lightning Spi  Summ/Air       ####....     17%         4    N/A
d - Conjure Flame         Conj/Fire      ###.....     14%         3    N/A
g - Borgnjor's Vile Clut  Necr/Erth      ######....   8%          5    N/A
k - Blink                 Tloc           N/A          11%         2    N/A
p - Passwall              Tmut/Erth      ###.......   8%          2    N/A

Dungeon Overview and Level Annotations

Branches:
Dungeon (15/15)            Temple (0/1) D:4            Lair (6/6) D:11
  Swamp (4/4) Lair:2       Spider (0/4) Lair:3        Slime (1/5) Lair:5
    Orc (2/2) D:12            Elf (3/3) Orc:2        Vaults (0/5) D:13
 Depths (0/5) D:15

Altars:
Ashenzari
Dithmenos
Elyvilon
Fedhas
Gozag
Hepliaklqana
Makhleb
Okawaru
Vehumet
Xom
Yredelemnul
Jiyva

Shops:
D:12 (   D:13 [=:[:   Orc:2 :(*[!   Elf:1 :?   Elf:2 (%(?

Annotations:
D:1 exclusion: downstairs
D:6 exclusion: downstairs
D:10 exclusion: downstairs
Swamp:1 exclusion: downstairs
Swamp:3 Bai Suzhen
Orc:2 exclusion: upstairs
Elf:2 3 runed doors
Elf:3 4 exclusions


Innate Abilities, Weirdness & Mutations

You do not eat or drink.
Your flesh is vulnerable to fire.
You are immune to poison.
Your flesh is cold resistant. (rC+)
You are immune to negative energy. (rN+++)
You are immune to unholy pain and torment.
You can survive without breathing.
You are in touch with the powers of death.
Your life essence is reduced to manifest your ancestor. (-10% HP)


Message History

You hear a shout!
Aim: an earth elemental (summoned)
Okay, then.
The Tzitzimitl gestures at you.
You convulse!
* * * LOW HITPOINT WARNING * * *
Here: a Tzitzimitl (summoned)
The floor.
You feel a surge of power!
Decaying hands burst forth from the earth!
Zombie hands grab the Tzitzimitl.
Zombie hands grab the deep elf demonologist.
The zombie hands constrict the deep elf demonologist.
The zombie hands constrict the Tzitzimitl.
The deep elf demonologist struggles to escape constriction.
PuimeR hits the earth elemental but does no damage.
The Tzitzimitl gestures at you.
You convulse!
Ouch! That really hurt!
You die...

###.### ##.....#.#.#
#....)... #.##
##........######(.... #..#
######.#.:....(..... ##.#
##+#.#.#.#(.)... #.#
##........(.....# #.###
##.....#.#.#.##.##
###.#.######....1e.........#
#.........#.......#.#.#....##
#.#.......'.@................
#......##.#.RE......##....###
#.....###.##.......###..###**
#.....# #.###.....## ####***,
#.....# #.# ##E..## ***,,,
#.....# #.# #.'## **,,,,,
#.###.###.# #E)# **,,,,,,
#....<....# ##.. **,,,,,,,
#####.##### ##E## **,,,,,,,,


You could see the friendly puimeR the hexer, a Tzitzimitl, a deep elf
demonologist and 3 earth elementals.

Vanquished Creatures
  Jorgrun (Swamp:4)
  An acid blob (Slime:1)
  A sphinx (D:11)
  A thorn hunter (Swamp:3)
  Kirke (Swamp:1)
  A tengu reaver (D:11)
  A deep elf sorcerer (Elf:3)
  2 frost giants
  A fire giant (D:11)
  Aizul (Swamp:2)
  An orc warlord (Orc:1)
  A very ugly thing (Swamp:4)
  Azrael (D:15)
  A deep elf demonologist (Elf:3)
  2 death oozes (Swamp:4)
  A deep elf death mage (Elf:3)
  An ettin (D:14)
  2 green deaths (Swamp:4)
  3 fire dragons
  A minotaur (Lab)
  A deep elf high priest (Elf:1)
  Josephine (Lair:5)
  Erolcha (D:11)
  10 hydras
  Harold (Lair:2)
  The ghost of grumpd the Nimble, a journeyman OpMo of Cheibriados (Lair:2)
  13 alligators
  6 ghost crabs
  2 centaur warriors (D:15)
  7 two-headed ogres
  6 dancing weapons
  4 tengu warriors
  Urug (D:11)
  6 deep elf knights
  5 orc high priests
  Sonja (D:12)
  3 skeletal warriors (D:14)
  8 swamp dragons
  An unseen horror (D:15)
  5 spriggan druids
  4 shambling mangroves
  5 deep elf archers
  A harpy (shapeshifter) (D:13)
  An orc knight (Orc:2)
  A lindwurm (Lair:6)
  2 ugly things (D:15)
  A manticore (D:11)
  5 orc sorcerers (Orc:2)
  A glowing shapeshifter (D:11)
  21 deep elf magi
  2 oklob plants (Lair:1)
  A cyclops (D:15)
  A rust devil (D:13)
  3 elephants (Lair:5)
  A black mamba (shapeshifter) (Elf:2)
  7 black mambas
  14 spiny frogs
  3 apocalypse crabs (Swamp:3)
  5 orange demons
  A demonic crawler (Lair:3)
  A rime drake (Lair:4)
  6 komodo dragons
  A harpy zombie (D:14)
  A tengu conjurer (D:15)
  2 trolls
  5 tyrant leeches
  A red devil (D:13)
  A meliai (D:11)
  4 polar bears (Lair:6)
  12 hornets
  17 blink frogs
  7 bog bodies (Swamp:4)
  A hippogriff (shapeshifter) (D:15)
  22 slime creatures
  2 hippogriffs
  2 large abominations (Swamp:4)
  An air elemental (Elf:2)
  A dream sheep (Lair:6)
  13 spriggans
  3 wraiths (Lair:5)
  7 redbacks (D:13)
  2 water elementals
  2 shadows
  18 yaks
  2 fire bats (Lair:2)
  A fire elemental (D:15)
  3 hogs
  10 vampire mosquitoes
  A hungry ghost (D:9)
  21 swamp worms
  12 insubstantial wisps
  10 water moccasins
  4 hell hounds (D:15)
  4 porcupines
  An ice beast (D:11)
  3 swamp drakes
  25 orc warriors
  2 sky beasts (D:10)
  2 phantoms
  2 eyes of draining
  4 boggarts (Lair:6)
  2 black bears (Lair:6)
  An ogre (Orc:1)
  15 wolves
  5 centaurs
  9 crocodiles
  A big kobold (D:12)
  9 bullfrogs
  An earth elemental (Elf:2)
  A water moccasin skeleton (D:6)
  6 scorpions
  6 killer bees (D:10)
  9 wights
  2 electric eels
  A lava snake (Lair:2)
  7 crimson imps
  2 howler monkeys
  A bullfrog zombie (D:11)
  A quasit (D:10)
  3 jellies (D:9)
  15 orc priests
  2 bullfrog skeletons
  3 hounds
  15 orc wizards
  2 iguanas
  7 iron imps (D:13)
  Ijyb (D:3)
  Terence (D:3)
  5 centaur skeletons
  5 worker ants
  5 hexers
  A hound zombie (D:7)
  A howler monkey zombie (D:7)
  5 gnolls
  4 adders
  3 shadow imps
  3 oozes
  An adder skeleton (D:7)
  3 worms
  A dart slug (D:2)
  2 leopard geckos (D:4)
  51 orcs
  3 ball pythons
  8 giant cockroaches
  7 goblins
  4 hobgoblins
  13 jackals
  19 kobolds
  5 quokkas
  4 bats (D:1)
  7 frilled lizards
  8 rats (D:1)
  A plant (D:14)
724 creatures vanquished.

Vanquished Creatures (collateral kills)
  A tentacled monstrosity (Swamp:2)
  Roxanne (Swamp:2)
  Donald (Swamp:3)
  Louise (Swamp:3)
  An ogre mage (D:15)
  Fannar (D:11)
  A hell beast (Swamp:4)
  4 hydras
  2 ghost crabs (Swamp:3)
  2 dancing weapons (Elf:2)
  A two-headed ogre (D:15)
  2 alligators (Swamp:1)
  An orc high priest (Orc:1)
  The ghost of Alphaeus the Ducker, a novice GnMo of Okawaru (D:7)
  3 unseen horrors
  A swamp dragon (Swamp:2)
  2 wizards
  2 deep elf archers
  A lindwurm (Lair:2)
  An orc sorcerer (Orc:1)
  4 deep elf magi
  A manticore (D:14)
  5 ugly things
  A cyclops (D:15)
  8 spiny frogs
  A centaur skeleton (D:11)
  2 komodo dragons
  An efreet (D:14)
  A polar bear (Lair:5)
  2 trolls
  5 hornets
  2 bog bodies (Swamp:4)
  5 blink frogs
  Prince Ribbit (D:9)
  A tyrant leech (Swamp:2)
  3 hippogriffs
  14 slime creatures
  A shadow (D:12)
  A redback (D:13)
  3 spriggans (Lair:6)
  A hog (Swamp:1)
  10 yaks
  3 fire elementals
  A vampire mosquito (Swamp:1)
  3 insubstantial wisps
  A warg (Orc:1)
  5 swamp worms
  An acid dragon (D:14)
  A hell hound (D:15)
  2 water moccasins (Lair:2)
  Duvessa (D:6)
  A porcupine (Lair:4)
  An ice beast (D:12)
  5 swamp drakes
  3 sky beasts
  13 orc warriors
  4 black bears
  8 wolves
  A centaur (D:15)
  4 ogres
  4 crocodiles
  A big kobold (D:7)
  A gnoll sergeant (D:9)
  4 bullfrogs
  Dowan (D:6)
  2 crimson imps
  4 hounds
  A jelly (D:9)
  A quasit (D:13)
  2 orc priests
  A gnoll shaman (D:5)
  3 iron imps (D:13)
  An iguana (D:8)
  11 orc wizards
  6 worker ants
  A hound zombie (D:5)
  2 hound skeletons
  7 gnolls
  4 adders
  3 oozes (D:9)
  6 worms
  A dart slug (D:1)
  A leopard gecko (D:4)
  29 orcs
  4 giant cockroaches
  2 goblins
  5 hobgoblins
  8 jackals
  11 kobolds
  3 ball pythons
  4 frilled lizards
  A jackal skeleton (D:4)
  A fungus (Lair:4)
297 creatures vanquished.

Vanquished Creatures (others)
  A deep elf knight (Elf:3)
  A spriggan druid (Swamp:3)
  A troll (D:15)
  2 humans (Swamp:2)
  A swamp worm (Swamp:3)
  A phantom (D:6)
  97 hexers
  12 ancestors
  15 fungi
  4 plants
135 creatures vanquished.

Grand Total: 1156 creatures vanquished

Notes
Turn   | Place    | Note
-------+----------+-------------------------------------------
     0 | D:1      | DogShitOnMyToe the Mummy Wizard began the quest for the Orb.
     0 | D:1      | Reached XP level 1. HP: 13/13 MP: 5/5
   235 | D:1      | Reached XP level 2. HP: 20/20 MP: 0/7
   304 | D:1      | Learned a level 2 spell: Blink
   309 | D:1      | Learned a level 2 spell: Call Imp
   546 | D:1      | Reached skill level 1 in Summonings
   791 | D:1      | Reached skill level 1 in Fighting
  1357 | D:1      | Reached XP level 3. HP: 26/26 MP: 1/9
  1487 | D:2      | Found a hazy altar of Hepliaklqana.
  1532 | D:2      | Became a worshipper of Hepliaklqana the Forgotten
  2250 | D:3      | Reached skill level 2 in Summonings
  2277 | D:3      | Noticed Terence
  2337 | D:3      | Killed Terence
  2337 | D:3      | Reached skill level 5 in Spellcasting
  2337 | D:3      | Reached XP level 4. HP: 17/28 MP: 1/11
  2462 | D:3      | Found an iron altar of Okawaru.
  2667 | D:3      | Found a shattered altar of Ashenzari.
  2762 | D:3      | Noticed Ijyb
  2807 | D:3      | HP: 13/28 [disintegration (5)]
  2811 | D:3      | Killed Ijyb
  2811 | D:3      | Reached skill level 1 in Polearms
  3037 | D:3      | Reached * piety under Hepliaklqana
  3064 | D:3      | Found a burning altar of Makhleb.
  3064 | D:3      | Found a shimmering altar of Xom.
  3148 | D:3      | Reached XP level 5. HP: 23/33 MP: 6/12
  3733 | D:4      | Found a glowing drain.
  3757 | Sewer    | Entered a sewer
  3779 | Sewer    | Reached skill level 2 in Polearms
  3856 | Sewer    | Reached skill level 3 in Summonings
  4418 | D:4      | Reached XP level 6. HP: 27/38 MP: 7/14
  4682 | D:4      | Found a staircase to the Ecumenical Temple.
  4998 | D:5      | Entered Level 5 of the Dungeon
  5016 | D:5      | HP: 9/38 [orc priest/divine providence (15)]
  5017 | D:5      | Reached skill level 1 in Translocations
  5026 | D:5      | Reached skill level 3 in Polearms
  5483 | D:5      | Reached skill level 6 in Spellcasting
  5841 | D:5      | Reached XP level 7. HP: 44/44 MP: 16/16
  5884 | D:5      | HP: 19/44 [acid (9)]
  6109 | D:5      | Reached skill level 2 in Translocations
  6123 | D:5      | Reached skill level 1 in Conjurations
  6143 | D:5      | Found a shadowy altar of Dithmenos.
  6385 | D:5      | Reached skill level 2 in Conjurations
  6393 | D:5      | Learned a level 3 spell: Conjure Flame
  6789 | D:6      | Reached skill level 1 in Fire Magic
  6911 | D:6      | Reached ** piety under Hepliaklqana
  6912 | D:6      | Remembered your ancestor puimeR as a hexer
  6950 | D:6      | Noticed Duvessa
  6956 | D:6      | Noticed Dowan
  6962 | D:6      | Killed Duvessa
  6962 | D:6      | Reached skill level 3 in Conjurations
  6967 | D:6      | Killed Dowan
  6967 | D:6      | Reached skill level 2 in Fire Magic
  7000 | D:6      | Reached skill level 2 in Fighting
  7026 | D:6      | Reached XP level 8. HP: 50/50 MP: 14/17
  7747 | D:7      | Found a white marble altar of Elyvilon.
  7756 | D:7      | Identified a book of Maledictions
  7806 | D:7      | Found an opulent altar of Gozag.
  7879 | D:7      | Reached skill level 4 in Polearms
  7885 | D:7      | Noticed a hippogriff
  7897 | D:7      | Killed a hippogriff
  7897 | D:7      | Reached skill level 1 in Evocations
  7922 | D:7      | Reached skill level 3 in Fighting
  7952 | D:7      | Reached skill level 2 in Evocations
  8027 | D:7      | Noticed Alphaeus's ghost (novice GnMo)
  8085 | D:7      | Killed Alphaeus's ghost
  8085 | D:7      | Reached skill level 5 in Polearms
  8085 | D:7      | Reached skill level 3 in Evocations
  8085 | D:7      | Reached XP level 9. HP: 50/58 MP: 8/18
  8218 | D:7      | Reached skill level 4 in Fighting
  8649 | D:8      | Reached skill level 6 in Polearms
  8876 | D:8      | Reached *** piety under Hepliaklqana
  9194 | D:8      | Reached skill level 5 in Fighting
  9806 | D:9      | Reached skill level 7 in Polearms
  9974 | D:9      | Noticed Prince Ribbit
 10067 | D:9      | Killed Prince Ribbit
 10186 | D:9      | Reached skill level 6 in Fighting
 10186 | D:9      | Reached XP level 10. HP: 62/68 MP: 14/19
 10409 | D:9      | Found a radiant altar of Vehumet.
 10482 | D:9      | Got an ichor-stained rapier
 10509 | D:9      | Found a blossoming altar of Fedhas.
 10685 | D:9      | Reached skill level 8 in Polearms
 10815 | D:10     | Entered Level 10 of the Dungeon
 11276 | D:10     | Noticed a two-headed ogre
 11304 | D:10     | Killed a two-headed ogre
 11439 | D:10     | Reached skill level 7 in Fighting
 11485 | D:10     | Reached skill level 9 in Polearms
 11840 | D:10     | Identified the cursed +2 rapier of the Eternal Void {protect, +Inv rF+ MR+} (You found it on level 9 of the Dungeon)
 12320 | D:10     | Reached **** piety under Hepliaklqana
 12442 | D:11     | Noticed Erolcha
 12583 | D:11     | Killed Erolcha
 12583 | D:11     | Reached skill level 8 in Fighting
 12583 | D:11     | Reached XP level 11. HP: 60/77 MP: 12/20
 12830 | D:11     | Found a staircase to the Lair.
 12898 | D:11     | Reached skill level 10 in Polearms
 12956 | D:11     | Noticed Fannar
 12997 | D:11     | Killed Fannar
 13221 | D:11     | Noticed Urug
 13230 | D:11     | HP: 39/78 [Urug/javelin (14)]
 13243 | D:11     | HP: 27/78 [Urug/enchanted halberd (7)]
 13261 | D:11     | Killed Urug
 13261 | D:11     | Reached skill level 1 in Shields
 13677 | D:11     | Noticed a wizard
 13683 | D:11     | Killed a wizard
 13692 | D:11     | Reached skill level 2 in Shields
 13778 | D:11     | Noticed a tengu reaver
 13778 | D:11     | Noticed a fire giant
 13783 | D:11     | Noticed a wolf spider
 13783 | D:11     | a slime creature changed into a wolf spider
 14122 | Lair:1   | Entered Level 1 of the Lair of Beasts
 14161 | Lair:1   | Found a labyrinth entrance.
 14182 | Lab      | Identified a paperback manual
 14182 | Lab      | Entered a labyrinth
 14616 | Lab      | Noticed a minotaur
 14705 | Lab      | Killed a minotaur
 14972 | Lair:1   | Noticed a six-headed hydra
 15088 | Lair:1   | Killed a six-headed hydra
 15088 | Lair:1   | Reached skill level 3 in Shields
 15200 | Lair:1   | Reached skill level 9 in Fighting
 15255 | Lair:1   | Noticed an oklob plant
 15376 | Lair:1   | Reached ***** piety under Hepliaklqana
 15612 | Lair:1   | Reached skill level 11 in Polearms
 15612 | Lair:1   | Reached skill level 4 in Shields
 16175 | Lair:1   | HP: 31/80 [acid (12)]
 16295 | Lair:1   | Killed an oklob plant
 16296 | Lair:1   | Noticed an oklob plant
 16361 | Lair:1   | HP: 35/80 [oklob plant/splash of acid (15)]
 16487 | Lair:1   | Killed an oklob plant
 16693 | Lair:2   | Reached XP level 12. HP: 86/86 MP: 16/21
 16829 | Lair:2   | Noticed Harold
 16843 | Lair:2   | Killed Harold
 17158 | Lair:2   | Reached skill level 10 in Fighting
 17194 | Lair:2   | HP: 43/87 [blink frog (11)]
 17238 | Lair:2   | Noticed grumpd's ghost (journeyman OpMo)
 17268 | Lair:2   | Killed grumpd's ghost
 17268 | Lair:2   | Reached skill level 12 in Polearms
 17424 | Lair:2   | Noticed a five-headed hydra
 17590 | Lair:3   | Got a faintly humming leather armour
 17607 | Lair:3   | Identified the cursed +0 leather armour of Jeilet {rPois Int+4} (You found it on level 3 of the Lair of Beasts)
 17737 | Lair:3   | Found a hole to the Spider Nest.
 17796 | Lair:3   | HP: 43/87 [demonic crawler (7)]
 17798 | Lair:3   | HP: 17/87 [demonic crawler (7)]
 17960 | Lair:3   | Noticed a four-headed hydra
 18359 | Lair:3   | Reached skill level 4 in Evocations
 18408 | Lair:3   | HP: 43/87 [yak (12)]
 18521 | Lair:3   | Reached skill level 5 in Evocations
 18548 | Lair:3   | Noticed a seven-headed hydra
 18632 | Lair:3   | Killed a seven-headed hydra
 18843 | Lair:3   | Reached skill level 6 in Evocations
 18875 | Lair:3   | Killed a four-headed hydra
 19002 | Lair:4   | Reached skill level 7 in Evocations
 19117 | Lair:4   | HP: 36/87 [porcupine's spines (9)]
 19124 | Lair:4   | HP: 34/87 [blink frog (7)]
 19132 | Lair:4   | HP: 30/87 [blink frog (9)]
 19243 | Lair:4   | Reached skill level 8 in Evocations
 19464 | Lair:4   | Reached skill level 9 in Evocations
 20267 | Lair:5   | Reached skill level 10 in Evocations
 20267 | Lair:5   | Gained mutation: You are in touch with the powers of death. [Mummy growth]
 20267 | Lair:5   | Reached XP level 13. HP: 88/92 MP: 14/22
 20379 | Lair:5   | Reached ****** piety under Hepliaklqana
 20657 | Lair:5   | Identified a scroll of acquirement
 20661 | Lair:5   | Got a warped trident
 20662 | Lair:5   | Identified the +10 trident of Impermanence {speed, +Inv rF- Str+4} (You acquired it on level 5 of the Lair of Beasts)
 20665 | Lair:5   | Found a viscous altar of Jiyva.
 20665 | Lair:5   | Found a staircase to the Slime Pits.
 20891 | Lair:5   | Noticed Josephine
 20906 | Lair:5   | Killed Josephine
 21137 | Lair:6   | Entered Level 6 of the Lair of Beasts
 21957 | Lair:6   | HP: 43/94 [spriggan rider/spear (20)]
 21969 | Lair:6   | HP: 31/94 [spriggan/rapier (16)]
 22129 | Lair:6   | Reached skill level 11 in Fighting
 22129 | Lair:6   | Reached skill level 13 in Polearms
 22391 | Lair:6   | Got a bone war axe
 22397 | Lair:6   | Got a crude hand axe
 22589 | Lair:6   | HP: 45/95 [spriggan rider/spear (23)]
 23033 | D:11     | Upgraded the game from 0.21.0-26-g889b8f6 to 0.21.0-30-g47ce8e4
 23042 | D:11     | Identified the +7 war axe "Ethoyvos" {protect, *Slow rPois rC+ MR+} (You found it on level 6 of the Lair of Beasts)
 23044 | D:11     | Identified the +2 hand axe "Killer Bee's Death" {speed, MR++ Str+3 Int+2 SInv} (You found it on level 6 of the Lair of Beasts)
 23149 | D:12     | Found Wuplom's Weapon Emporium.
 23182 | D:12     | Noticed Sonja
 23183 | D:12     | Killed Sonja
 23307 | D:12     | Found a flagged portal.
 23334 | Bailey   | Entered a bailey
 24462 | D:12     | Reached XP level 14. HP: 102/102 MP: 23/23
 24667 | D:12     | Found a staircase to the Orcish Mines.
 24825 | Orc:1    | Entered Level 1 of the Orcish Mines
 25246 | Orc:2    | Entered Level 2 of the Orcish Mines
 25436 | Orc:2    | Found Lobuatem's General Store.
 25493 | Orc:2    | Reached skill level 14 in Polearms
 25576 | Orc:1    | Reached skill level 12 in Fighting
 25645 | Orc:2    | Noticed an orc warlord
 25675 | Orc:1    | Killed an orc warlord
 25745 | Orc:2    | HP: 49/104 [orc warrior/halberd (6)]
 25892 | Orc:1    | HP: 40/104 [hellwing[an orc high priest] (13)]
 25894 | Orc:1    | HP: 14/104 [hellwing[an orc high priest] (8)]
 26619 | Orc:1    | Reached skill level 1 in Invocations
 26705 | Orc:2    | Found Sopumi's Book Shop.
 26734 | Orc:2    | Found a staircase to the Elven Halls.
 26757 | Orc:2    | Reached skill level 2 in Invocations
 26808 | Orc:2    | Found Doufrot's Antique Weapon Shop.
 26932 | Orc:2    | Found Woxitoq's Distillery.
 26967 | Orc:2    | Found Recah's Antique Armour Shoppe.
 27184 | Orc:2    | Bought a book of Callings for 540 gold pieces
 27189 | Orc:2    | Learned a level 4 spell: Summon Lightning Spire
 27381 | Orc:2    | Bought a wand of iceblast (10) for 154 gold pieces
 27488 | Orc:2    | HP: 50/104 [orc warrior/war axe[an orc high priest] (16)]
 27792 | Orc:1    | You fall through a shaft!
 28305 | Lair:2   | Reached skill level 3 in Invocations
 28385 | Lair:2   | Reached skill level 1 in Air Magic
 28386 | Lair:2   | Found a staircase to the Swamp.
 28595 | Lair:2   | Reached skill level 13 in Fighting
 28967 | D:11     | Noticed a sphinx
 28976 | D:11     | Killed a sphinx
 28976 | D:11     | Reached skill level 2 in Air Magic
 29226 | D:11     | Killed a tengu reaver
 29226 | D:11     | Reached skill level 4 in Summonings
 29354 | D:11     | HP: 43/106 [fire giant/bolt of fire (37)]
 29487 | D:11     | HP: 37/106 [fire giant/fireball (39)]
 29488 | D:11     | Killed a fire giant
 29640 | D:11     | Noticed a frost giant
 29660 | D:11     | HP: 45/106 [frost giant/bolt of cold (12)]
 29663 | D:11     | Killed a frost giant
 29663 | D:11     | Reached skill level 3 in Air Magic
 29759 | D:11     | Identified a book of the Earth
 29994 | D:13     | Found Qorrah's Jewellery Boutique.
 29997 | D:13     | Bought the ring of the Real Monster {+Inv rF+ rN+ Stlth+} for 657 gold pieces
 30051 | D:13     | Found Opnainis's Antique Armour Shoppe.
 30060 | D:13     | Bought a transparent helmet for 285 gold pieces
 30063 | D:13     | Identified the cursed +0 helmet of the Wary Mice {+Blink +Fly rC+++ Int-2} (You bought it in a shop on level 13 of the Dungeon)
 30253 | D:13     | Reached skill level 5 in Summonings
 30270 | D:13     | HP: 53/106 [redback (8)]
 30440 | D:13     | Found Kubithoy's Antique Armour Shoppe.
 30470 | D:13     | Reached skill level 4 in Air Magic
 30536 | D:13     | Found Raaj's Book Emporium.
 30598 | D:13     | Found a basalt altar of Yredelemnul.
 30855 | D:13     | Found Karch's Book Shoppe.
 30909 | D:13     | Found a gate to the Vaults.
 31386 | D:14     | Reached XP level 15. HP: 108/111 MP: 14/24
 31712 | D:14     | Got a crude falchion
 31720 | D:14     | Identified the cursed +0 falchion of Ymah {freeze, *Rage Int+5} (You found it on level 14 of the Dungeon)
 31774 | D:14     | Reached skill level 6 in Summonings
 32078 | D:14     | Found a runed door.
 32080 | D:14     | Noticed a frost giant
 32652 | D:14     | Killed a frost giant
 32685 | D:14     | Identified a book of Power
 32690 | D:14     | Identified a book of Alchemy
 32799 | D:15     | Entered Level 15 of the Dungeon
 33051 | D:15     | Reached skill level 7 in Summonings
 33105 | D:15     | Reached skill level 2 in Dodging
 33420 | D:15     | Reached skill level 3 in Dodging
 33480 | D:15     | Noticed Azrael
 33538 | D:15     | HP: 55/111 [ogre mage/bolt of lightning (28)]
 33538 | D:15     | HP: 21/111 [ogre mage/bolt of lightning (34)]
 34148 | D:15     | HP: 48/112 [fire dragon/blast of flame (13)]
 34155 | D:15     | Reached skill level 4 in Dodging
 34279 | D:13     | Bought a book of Unlife for 975 gold pieces
 34288 | D:13     | Learned a level 5 spell: Borgnjor's Vile Clutch
 34530 | D:15     | Reached skill level 1 in Necromancy
 34537 | D:15     | Reached skill level 1 in Earth Magic
 34601 | D:15     | Found a staircase to the Depths.
 34819 | D:15     | Killed Azrael
 34849 | D:15     | HP: 53/112 [ogre mage/bolt of lightning (40)]
 34859 | D:15     | Reached skill level 2 in Necromancy
 34945 | D:15     | Reached skill level 2 in Earth Magic
 35425 | Swamp:1  | Entered Level 1 of the Swamp
 35472 | Lair:2   | Reached skill level 3 in Necromancy
 35549 | Lair:2   | HP: 56/112 [komodo dragon (12)]
 35780 | Lair:2   | Reached skill level 3 in Earth Magic
 36051 | Swamp:1  | HP: 43/112 [slime creature (15)]
 36207 | Swamp:1  | HP: 55/112 [eight-headed hydra (10)]
 36208 | Swamp:1  | Reached skill level 4 in Necromancy
 36856 | Swamp:1  | Reached skill level 4 in Earth Magic
 36873 | Swamp:1  | Reached skill level 5 in Necromancy
 36876 | Swamp:1  | HP: 56/112 [alligator[an alligator] (3)]
 36882 | Swamp:1  | HP: 52/112 [alligator[an alligator] (8)]
 37279 | Swamp:1  | Reached skill level 6 in Necromancy
 37566 | Swamp:2  | Noticed Kirke
 37589 | Swamp:1  | Killed Kirke
 37589 | Swamp:1  | Reached skill level 7 in Necromancy
 37612 | Swamp:2  | Noticed a tentacled monstrosity
 37652 | Swamp:2  | HP: 53/112 [tentacled monstrosity (6)]
 37855 | Swamp:1  | HP: 42/112 [swamp worm (17)]
 37885 | Swamp:1  | HP: 31/112 [alligator (11)]
 38101 | Swamp:1  | HP: 54/112 [insubstantial wisp/static electricity (9)]
 38111 | Swamp:1  | HP: 53/112 [insubstantial wisp (4)]
 38212 | Swamp:1  | HP: 56/112 [alligator (15)]
 38225 | Swamp:1  | Reached XP level 16. HP: 65/118 MP: 17/25
 38233 | Swamp:1  | HP: 57/118 [shambling mangrove (12)]
 38241 | Swamp:1  | HP: 29/118 [shambling mangrove (33)]
 38262 | Swamp:1  | HP: 43/118 [hornet[a shambling mangrove] (3)]
 38444 | Swamp:1  | Reached skill level 8 in Necromancy
 38841 | Swamp:2  | Killed a tentacled monstrosity
 38855 | Swamp:2  | Noticed Aizul
 39149 | Swamp:2  | Reached skill level 9 in Necromancy
 39230 | Swamp:2  | Noticed Roxanne
 39393 | Swamp:2  | HP: 55/118 [Aizul/poison arrow (7)]
 39397 | Swamp:2  | Killed Aizul
 40242 | Swamp:2  | HP: 56/118 [Roxanne/iron shot (33)]
 40657 | Swamp:2  | Killed Roxanne
 40664 | Swamp:2  | Identified Roxanne's Volume of Transmigration (You took it off Roxanne on level 2 of the Swamp)
 40883 | Swamp:3  | Found a runed door.
 40984 | Swamp:3  | Noticed Louise
 41027 | Swamp:3  | Killed Louise
 41027 | Swamp:3  | Reached skill level 10 in Necromancy
 41117 | Swamp:3  | Noticed Donald
 41514 | Swamp:3  | Noticed Bai Suzhen
 41541 | Swamp:3  | Noticed a thorn hunter
 41558 | Swamp:3  | Killed Donald
 41563 | Swamp:3  | HP: 53/118 [thorn hunter/volley of thorns (8)]
 41564 | Swamp:3  | Killed a thorn hunter
 42208 | Swamp:3  | Reached skill level 11 in Necromancy
 42295 | Swamp:3  | HP: 55/118 [ghost crab (12)]
 42461 | Swamp:3  | HP: 50/118 [spriggan druid/angry trees (13)]
 42934 | Swamp:3  | Paralysed by you for 3 turns
 43116 | Swamp:3  | Identified a book of Necromancy
 43120 | Swamp:3  | Identified a book of Debilitation
 43303 | Swamp:4  | Entered Level 4 of the Swamp
 43390 | Swamp:4  | HP: 55/118 [hornet[a shambling mangrove] (6)]
 43753 | Swamp:4  | HP: 46/118 [blink frog (16)]
 43957 | Swamp:4  | HP: 57/118 [spectral six-headed hydra[a ghost crab] (6)]
 44078 | Swamp:4  | HP: 59/118 [spectral five-headed hydra[a ghost crab] (6)]
 44083 | Swamp:4  | HP: 39/118 [spectral swamp drake[a ghost crab] (1)]
 44429 | Swamp:4  | Reached skill level 12 in Necromancy
 44429 | Swamp:4  | Reached skill level 5 in Earth Magic
 44494 | Swamp:4  | Noticed Jorgrun
 44510 | Swamp:4  | Killed Jorgrun
 45249 | Swamp:4  | Reached skill level 6 in Earth Magic
 45545 | Swamp:4  | Reached skill level 13 in Necromancy
 45545 | Swamp:4  | Reached XP level 17. HP: 117/124 MP: 26/26
 45746 | Swamp:4  | Got a decaying rune of Zot
 45889 | Lair:2   | Learned a level 6 spell: Death Channel
 45980 | Slime:1  | Entered Level 1 of the Pits of Slime
 45993 | Slime:1  | Noticed an acid blob
 46006 | Slime:1  | Killed an acid blob
 46413 | D:13     | Bought a scorched leather armour for 210 gold pieces
 46413 | D:13     | Identified the +2 leather armour "Enibioch" {rPois Dex+5} (You bought it in a shop on level 13 of the Dungeon)
 46415 | D:13     | Bought a pitted ring mail for 270 gold pieces
 46415 | D:13     | Identified the +5 ring mail of the Seas {MR+} (You bought it in a shop on level 13 of the Dungeon)
 46504 | Elf:1    | Entered Level 1 of the Elven Halls
 46592 | Elf:1    | Found Onisch's Magic Scroll Shoppe.
 46614 | Elf:1    | Found Bineepa's One-of-a-Kind Books.
 47226 | Elf:1    | HP: 48/124 [halberd of protection (16)]
 47229 | Elf:1    | HP: 23/124 [halberd of protection (16)]
 47635 | Elf:1    | Reached skill level 7 in Spellcasting
 48413 | Elf:2    | Found a runed gate.
 48421 | Elf:2    | Found a runed gate.
 48422 | Elf:2    | Found a runed gate.
 48437 | Elf:2    | Reached skill level 8 in Spellcasting
 48578 | Elf:2    | Found Siovabbaesch's Antique Weapon Emporium.
 48676 | Elf:2    | Identified a book of Geomancy
 48683 | Elf:2    | Learned a level 2 spell: Passwall
 48962 | Elf:2    | Reached skill level 14 in Necromancy
 48965 | Elf:2    | Found Huerphal's Food Shop.
 48993 | Elf:2    | Reached skill level 9 in Spellcasting
 49038 | Elf:2    | Found Eduah's Weapon Shoppe.
 49107 | Elf:2    | Found Gem Simes's Magic Scroll Shoppe.
 49110 | Elf:2    | Bought a scroll of teleportation for 39 gold pieces
 49110 | Elf:2    | Bought a scroll of magic mapping for 45 gold pieces
 49110 | Elf:2    | Bought a scroll of fog for 26 gold pieces
 49205 | Elf:3    | Entered Level 3 of the Elven Halls
 49516 | Elf:3    | Reached skill level 10 in Spellcasting
 49837 | Elf:3    | Noticed a Tzitzimitl
 49839 | Elf:3    | Killed from afar by a Tzitzimitl

Skill      XL: |  1  2  3  4  5  6  7  8  9 10 11 12 13 14 15 16 17 |
---------------+----------------------------------------------------+-----
Summonings     | 1 2 3 5 7 |  7.0
Fighting       | 1 2 3 6 8 9 10 11 13 | 13.8
Spellcasting   | 5 6 10 | 10.0
Polearms       | 1 2 3 5 7 9 11 12 13 14 | 14.0
Translocations | 1 2 |  2.0
Conjurations   | 3 |  3.5
Fire Magic     | 2 |  2.6
Evocations     | 3 10 | 10.7
Shields        | 4 |  4.1
Invocations    | 3 |  3.0
Air Magic      | 4 |  4.0
Dodging        | 4 |  4.0
Necromancy     | 7 13 14 | 14.1
Earth Magic    | 4 6 |  6.0
Stealth        | |  1.5

Action                   |  1- 3 |  4- 6 |  7- 9 | 10-12 | 13-15 | 16-18 || total
-------------------------+-------+-------+-------+-------+-------+-------++-------
Melee: Spear             |    47 |    98 |    50 |       |       |       ||   195
       Halberd           |       |       |   196 |       |       |       ||   196
       Trident           |       |       |    47 |   709 |  1972 |   194 ||  2922
       Demon trident     |       |       |       |       |       |   636 ||   636
 Fire: Hunting sling     |       |    44 |       |       |       |       ||    44
Throw: Tomahawk          |     1 |     7 |    10 |     6 |     7 |     1 ||    32
       Throwing net      |       |       |       |     1 |       |       ||     1
 Cast: Magic Dart        |    81 |       |    33 |    36 |    23 |     1 ||   174
       Call Imp          |    15 |    43 |    30 |   182 |   135 |    34 ||   439
       Blink             |       |     2 |     2 |     4 |     4 |     1 ||    13
       Conjure Flame     |       |       |     6 |    14 |     8 |     1 ||    29
       Summon Lightning  |       |       |       |       |    62 |    74 ||   136
       Borgnjor's Vile C |       |       |       |       |       |    33 ||    33
Invok: Ancestor Identity |     1 |       |       |       |       |       ||     1
       Recall Ancestor   |       |     4 |     4 |     7 |    21 |     8 ||    44
       Ancestor Life: He |       |       |     1 |       |       |       ||     1
       Idealise          |       |       |       |       |     1 |       ||     1
 Abil: Evoke Flight      |       |       |       |       |    17 |    25 ||    42
       Evoke Invisibilit |       |       |       |       |     4 |     3 ||     7
       Evoke Blink       |       |       |       |       |     5 |     6 ||    11
Evoke: Wand              |       |    10 |     4 |    36 |    38 |    16 ||   104
       Fan of gales      |       |       |       |       |     1 |     1 ||     2
       Lamp of fire      |       |       |       |       |       |     2 ||     2
       Box of beasts     |       |       |       |       |       |     2 ||     2
  Use: Scroll            |       |     4 |     3 |    16 |    12 |    19 ||    54
 Stab: Distracted        |     1 |     1 |     3 |    14 |    23 |    10 ||    52
       Sleeping          |     1 |     1 |     1 |     3 |     4 |     2 ||    12
       Paralysed         |       |    12 |     4 |    13 |    64 |    35 ||   128
       Confused          |       |       |     2 |     9 |    15 |     7 ||    33
       Held in net/web   |       |       |       |     1 |       |       ||     1
       Invisible         |       |       |       |       |    17 |     3 ||    20
       Petrified         |       |       |       |       |       |     1 ||     1
Armor: Robe              |     3 |     3 |    21 |    19 |       |       ||    46
       Leather armour    |       |     5 |     7 |       |       |       ||    12
       Troll leather arm |       |       |       |    70 |   290 |    86 ||   446
       Ring mail         |       |       |       |       |       |    15 ||    15
Dodge: Dodged            |    22 |    23 |    68 |   176 |   400 |   174 ||   863
Block: Buckler           |       |       |       |    75 |   274 |   126 ||   475
       Reflection        |       |       |       |       |       |     6 ||     6
